 Dungeon Crawl Stone Soup version 0.17-a0-1708-gbd78d88 (webtiles) character file.

2220 Grim the Protected (level 9, -5/73 HPs)
             Began as a Ghoul Monk on Aug 22, 2015.
             Was a Believer of Cheibriados.
             Slain by a scorpion (6 damage)
             ... on level 9 of the Dungeon.
             The game lasted 00:35:19 (6668 turns).

Grim the Protected (Ghoul Monk)                     Turns: 6668, Time: 00:35:19

Health: -5/73      AC:  8    Str: 22    XL:     9   Next: 35%
Magic:  8/8        EV:  8    Int: 11    God:    Cheibriados [**....]
Gold:   325        SH:  0    Dex: 19    Spells: 0 memorised, 8 levels left

rFire  . . .     SeeInvis .       - Unarmed
rCold  + . .     Clarity  .     f - +0 leather armour
rNeg   + + +     SustAt   .     (no shield)
rPois  ∞         Gourm    .     k - +1 helmet
rElec  .         Spirit   .     e - +0 cloak
rCorr  +         Warding  .     (no gloves)
rMut   .         Stasis   .     (no boots)
MR     .....                    D - amulet of resist corrosion
Stlth  ++........               (no ring)
                                (no ring)

@: rotting, very slow, not resistant to hostile enchantments, unstealthy
A: rotting body, claws 1, carnivore 3, cold resistance 1, negative energy
resistance 3, slow healing 1, torment resistance, unbreathing
a: Bend Time, Renounce Religion


You were on level 9 of the Dungeon.
You worshipped Cheibriados.
Cheibriados was pleased with you.
You were not hungry.

You visited 2 branches of the dungeon, and saw 9 of its levels.

You collected 325 gold pieces.

Inventory:

Armour
 e - a +0 cloak (worn)
 f - a +0 leather armour (worn)
 k - a +1 helmet (worn)
 m - a +0 plate armour
Jewellery
 D - an amulet of resist corrosion (around neck)
Magical devices
 h - a wand of magic darts (20)
 E - a wand of flame (21)
Scrolls
 c - 3 scrolls of teleportation
 g - 4 scrolls of remove curse
 i - 2 scrolls of noise {unknown}
 n - a scroll of recharging
 s - a scroll of random uselessness {unknown}
 v - 4 scrolls of enchant armour
 w - a scroll of blinking {unknown}
 x - 3 scrolls of enchant weapon {unknown}
 y - 2 scrolls of magic mapping {unknown}
 B - a scroll of fear {unknown}
 C - a scroll of identify
Potions
 p - a potion of magic
 u - a potion of flight
 G - a potion of brilliance
Books
 A - a book of Conjurations

   Spells                             Type                      Level
   a - Magic Dart                     Conjuration                  1
   b - Searing Ray                    Conjuration                  2
   c - Dazzling Spray                 Conjuration/Hexes            3
   d - Fulminant Prism                Conjuration/Hexes            4
   e - Iskenderun's Mystic Blast      Conjuration                  4
   f - Iskenderun's Battlesphere      Conjuration/Charms           5
 F - a book of Spatial Translocations

   Spells                             Type                      Level
   a - Apportation                    Translocation                1
   b - Blink                          Translocation                2
   c - Shroud of Golubria             Charms/Translocation         2
   d - Portal Projectile              Translocation                3
   e - Teleport Other                 Translocation                3
   f - Passage of Golubria            Translocation                4
Comestibles
 a - 2 royal jellies
 b - 9 meat rations
 o - 5 chunks of flesh
 r - a slice of pizza
 t - 2 beef jerkies


   Skills:
 - Level 4.8 Fighting
 + Level 9.8 Armour
 - Level 2.6 Dodging
 - Level 2.1 Stealth
 - Level 6.7 Unarmed Combat


You had 8 spell levels left.
You didn't know any spells.

Dungeon Overview and Level Annotations

Branches:
Dungeon (9/15)             Temple (1/1) D:5
   Lair: D:8-11         Orc: D:9-12

Altars:
Ashenzari
Cheibriados
Elyvilon
Fedhas
Gozag
Kikubaaqudgha
Makhleb
Nemelex Xobeh
Okawaru
Qazlal
Ru
Trog
Vehumet
Xom
Zin
The Shining One


Innate Abilities, Weirdness & Mutations

Your body is rotting away.
You thrive on raw meat.
You are immune to poison.
You have sharp fingernails.
You are carnivorous and can eat meat at any time.
Your flesh is cold resistant.
You are immune to negative energy.
You heal slowly when monsters are visible.
You are immune to unholy pain and torment.
You can survive without breathing.


Message History

Drink which item? (? for menu, Esc to quit)
Okay, then.
Drink which item? (? for menu, Esc to quit)
It was a potion of poison.
You feel slightly nauseous. The ogre barely misses you.
Okay, then.
You claw the ogre!
You kill the ogre!
Cheibriados thoroughly appreciates the change of pace.
Cheibriados raises the support of your attributes as your movement slows.
The gnoll sergeant hits you from afar with a spear of venom.
* * * LOW HITPOINT WARNING * * *
The gnoll sergeant hits you from afar with a spear of venom.
* * * LOW HITPOINT WARNING * * *
You see here a giant club.
The scorpion barely misses you.
There is a stone staircase leading up here.
The gnoll sergeant hits you but does no damage.
The scorpion stings you.
You die...

####### #. #.....### .#
#..#..)....# #.#
##..#.....#!# #.#
...#######.# #####.##
#.###.###.####......
#.....gg)g.....# #.#
..###...s)#######..###.##
.......)@.# #....g...
#.........# #..##...#
#.####.#..# #..##...#
#.#..# #..##...( #.#..#
...##...# #.#..#
##..###.## #.#..# #...
... #.#..# # #.# ##.#
#.#..##.## #.#


You could see a gnoll sergeant, a scorpion and a gnoll.

Vanquished Creatures
  A water moccasin (D:7)
  2 ice beasts
  4 ogres
  A phantom (D:6)
  2 centaurs (D:6)
  Blork the orc (D:4)
  3 big kobolds (D:9)
  2 giant frogs
  3 wights (D:9)
  2 scorpions
  A jelly (D:5)
  A quasit (D:6)
  7 orc wizards
  A crimson imp (D:7)
  2 orc priests
  Natasha (twice) (D:3)
  4 worker ants
  A worker ant zombie (D:5)
  Robin (D:2)
  4 adders
  5 gnolls
  2 adder skeletons
  2 worms
  9 giant geckos
  16 orcs
  3 ball pythons
  11 giant cockroaches
  17 goblins
  7 hobgoblins
  5 jackals
  13 kobolds
  5 bats
  2 giant gecko skeletons (D:4)
  3 giant newts
  A quokka skeleton (D:4)
  A quokka zombie (D:5)
  11 rats
158 creatures vanquished.

Notes
Turn   | Place    | Note
--------------------------------------------------------------
     0 | D:1      | Grim the Ghoul Monk began the quest for the Orb.
     0 | D:1      | Reached XP level 1. HP: 19/19 MP: 0/0
   293 | D:1      | Reached XP level 2. HP: 26/26 MP: 1/1
   441 | D:1      | Reached skill level 5 in Unarmed Combat
   832 | D:2      | Reached XP level 3. HP: 31/31 MP: 2/2
  1212 | D:2      | Noticed Robin
  1414 | D:2      | Reached skill level 6 in Unarmed Combat
  1414 | D:2      | Reached XP level 4. HP: 35/38 MP: 3/3
  1457 | D:2      | Found a bloodstained altar of Trog.
  1500 | D:2      | Found a glowing silver altar of Zin.
  1606 | D:2      | Killed Robin
  1874 | D:2      | Reached XP level 5. HP: 4/45 MP: 4/4
  1903 | D:2      | Found a shimmering altar of Xom.
  2567 | D:3      | Noticed Natasha
  2662 | D:3      | Reached skill level 1 in Armour
  2662 | D:3      | Reached XP level 6. HP: 43/55 MP: 5/5
  2839 | D:3      | Killed Natasha
  3022 | D:3      | Noticed Natasha
  3028 | D:3      | Killed Natasha
  3075 | D:4      | Found an opulent altar of Gozag.
  3256 | D:4      | Noticed Blork the orc
  3518 | D:4      | Found a sacrificial altar of Ru.
  3617 | D:4      | Killed Blork the orc
  3617 | D:4      | Reached XP level 7. HP: 59/59 MP: 6/6
  3720 | D:5      | Entered Level 5 of the Dungeon
  4467 | D:5      | Found an ancient bone altar of Kikubaaqudgha.
  4515 | D:5      | Found an iron altar of Okawaru.
  4567 | D:5      | Reached skill level 5 in Armour
  4684 | D:5      | Found a staircase to the Ecumenical Temple.
  4698 | Temple   | Entered the Ecumenical Temple
  5360 | D:5      | Reached XP level 8. HP: 41/67 MP: 7/7
  5597 | D:6      | Found a radiant altar of Vehumet.
  5892 | D:6      | Reached skill level 7 in Armour
  6041 | D:6      | Found a snail-covered altar of Cheibriados.
  6049 | D:6      | Became a worshipper of Cheibriados the Contemplative
  6049 | D:6      | Acquired Cheibriados's first power
  6331 | D:6      | Reached skill level 8 in Armour
  6416 | D:7      | Reached XP level 9. HP: 63/73 MP: 8/8
  6452 | D:7      | You fall through a shaft for 2 floors!
  6463 | D:9      | Reached skill level 9 in Armour
  6665 | D:9      | HP: 2/73 [gnoll sergeant/spear of venom (3)]
  6668 | D:9      | Slain by a scorpion

Vault maps used:
D:1:      minmay_arrival_semitransparent
D:2:      lemuel_coloured_pillars_altar, nicolae_overflow_crystal_walls,
          tgw_xom, first_bread, patterned_corridor, uniq_robin
D:3:      uniq_natasha
D:4:      lemuel_doored_altar, nicolae_ru_great_annihilating_truth,
          uniq_blork_the_orc
D:5:      okawaru_ov_weapons_minmay, kiku_gazebo_garden_becter,
          minmay_temple_entry_junction2
D:6:      overflow_temple_1_default, vehumet_altar_wand_db
D:7:      overflow_temple_1_default, overflow_temple_1_default,
          lemuel_blue_sif_altar, grunt_livestock,
          hangedman_abyss_or_decor_jellyfish_corner
D:9:      special_room
Temple:   minmay_temple_bridge_a_8

Action                   |  1- 3 |  4- 6 |  7- 9 || total
-------------------------+-------+-------+-------++-------
Melee: Unarmed           |   109 |   212 |   326 ||   647
  Use: Scroll            |     1 |     3 |     7 ||    11
       Potion            |       |     3 |     2 ||     5
 Stab: Sleeping          |     3 |     4 |     3 ||    10
  Eat: Chunk             |    15 |    55 |    45 ||   115
